 Dungeon Crawl Stone Soup version 0.19-a0-1834-g6b7851e (webtiles) character file.

263 Alarkh the Grave Robber (level 5, 0/35 HPs)
             Began as a Mummy Necromancer on Oct 9, 2016.
             Was an Initiate of Okawaru.
             Slain by an orc priest
             ... wielding a +0 trident
              (5 damage)
             ... on level 3 of the Dungeon.
             The game lasted 00:03:07 (2464 turns).

Alarkh the Grave Robber (Mummy Necromancer)         Turns: 2464, Time: 00:03:07

Health: 0/35       AC:  3    Str: 11    XL:     5   Next: 97%
Magic:  4/11       EV: 12    Int: 16    God:    Okawaru [......]
Gold:   168        SH:  0    Dex: 12    Spells: 1 memorised, 11 levels left

rFire  x . .     SeeInvis .     c - +0 whip (elec)
rCold  + . .     Gourm    .     a - +0 robe
rNeg   + + +     Faith    .     (no shield)
rPois  ∞         Spirit   .     (no helmet)
rElec  .         Dismiss  .     g - +0 cloak
rCorr  .         Reflect  .     (no gloves)
MR     .....     Harm     .     (no boots)
Stlth  ++........               (no amulet)
                                (no ring)
                                (no ring)

@: no status effects
A: no food or potions, fire vulnerability, cold resistance 1, negative energy
resistance 3, torment resistance, unbreathing
a: Renounce Religion


You were on level 3 of the Dungeon.
You worshipped Okawaru.
Okawaru was noncommittal.
You were not hungry.

You visited 1 branch of the dungeon, and saw 3 of its levels.

You collected 168 gold pieces.

Inventory:

Hand Weapons
 c - a +0 whip of electrocution (weapon)
 j - a +0 falchion
Armour
 a - a +0 robe (worn)
 g - a +0 cloak (worn)
Jewellery
 h - an uncursed ring of ice {unknown}
Scrolls
 d - 2 scrolls of identify {unknown}
 e - a scroll of fog {unknown}
 f - 3 scrolls of remove curse
 i - a scroll of magic mapping {unknown}
 k - a scroll of teleportation {unknown}
Books
 b - a book of Necromancy

   Spells                             Type                      Level
   a - Pain                           Necromancy                   1
   b - Animate Skeleton               Necromancy                   1
   c - Vampiric Draining              Necromancy                   3
   d - Regeneration                   Charms/Necromancy            3
   e - Animate Dead                   Necromancy                   4
   f - Control Undead                 Necromancy                   4


   Skills:
 - Level 1.5 Dodging
 - Level 1.5 Stealth
 + Level 4.3 Spellcasting
 + Level 5.8 Necromancy


You had 11 spell levels left.
You knew the following spells:

 Your Spells              Type           Power        Failure   Level  Hunger
a - Pain                  Necr           ###.         1%          1    N/A

Dungeon Overview and Level Annotations

Branches:
Dungeon (3/15)

Altars:
Okawaru

Annotations:
D:1 1 exclusion


Innate Abilities, Weirdness & Mutations

You do not eat or drink.
Your flesh is vulnerable to fire.
You are immune to poison.
Your flesh is cold resistant. (rC+)
You are immune to negative energy. (rN+++)
You are immune to unholy pain and torment.
You can survive without breathing.


Message History

Aim: an orc priest, wielding a club (severely wounded, chance to defeat MR: 80%)
The orc priest writhes in agony!
The orc priest hits you with a club.
* * * LOW HITPOINT WARNING * * *
The orc hits you with a club.
* * * LOW HITPOINT WARNING * * *
Casting: Pain
Confirm with . or Enter, or press ? or * to list all spells.
Aiming: Pain
Press: ? - help, Shift-Dir - straight line, f/p - orc priest
Aim: an orc priest, wielding a club (almost dead, chance to defeat MR: 80%)
The orc priest writhes in agony!
You kill the orc priest!
Okawaru accepts your kill. The orc priest barely misses you.
The orc closely misses you.
You see here a ring mail.
As you read the scroll labeled ZEUPSA MUIZXI, it crumbles to dust.
You feel blessed for a moment.
It was a scroll of remove curse.
The orc priest hits you from afar with a trident.
You die...

##.#.###########.#.♣.♣._.♣.♣.####
#..<.............#..♣.♣.♣.♣...##.
...#.#############...♣.♣.♣.....##
##.#.# #....♣.♣.......# .....#
#.#...♣...#...## ...###
#............### ####
#.###..#........
####.###.###.#####.
#.@o)....###.#####.
#.##o##.#.......##. #.
#.##.#.......##. #.
).##.#..........
#..####.#.......##. #..
#.#.......##. #. ..#.....†.### #.
###.......### # #######....


You could see an orc priest and an orc.

Vanquished Creatures
  2 orc priests (D:3)
  Natasha (twice) (D:2)
  An orc wizard (D:3)
  A gnoll (D:1)
  2 adders (D:2)
  3 oozes (D:1)
  2 dart slugs
  A leopard gecko (D:2)
  8 orcs (D:3)
  3 ball pythons
  4 giant cockroaches
  6 goblins
  6 hobgoblins
  11 jackals
  A quokka (D:2)
  8 bats
  2 frilled lizards
  5 kobolds
  9 rats
77 creatures vanquished.

Notes
Turn   | Place    | Note
-------+----------+-------------------------------------------
     0 | D:1      | Alarkh the Mummy Necromancer began the quest for the Orb.
     0 | D:1      | Reached XP level 1. HP: 13/13 MP: 3/3
   118 | D:1      | Reached XP level 2. HP: 12/19 MP: 5/5
   341 | D:1      | Reached XP level 3. HP: 1/24 MP: 0/7
  1166 | D:2      | Reached XP level 4. HP: 29/30 MP: 5/8
  1238 | D:2      | Noticed Natasha
  1242 | D:2      | Killed Natasha
  1242 | D:2      | Reached skill level 5 in Necromancy
  1273 | D:2      | Noticed Natasha
  1284 | D:2      | Killed Natasha
  1616 | D:2      | Reached XP level 5. HP: 35/35 MP: 7/10
  1913 | D:3      | Found an iron altar of Okawaru.
  1931 | D:3      | Became a worshipper of Warmaster Okawaru
  2464 | D:3      | Slain by an orc priest

Vault maps used:
D:1:      erik_arrival_gehennom
D:2:      uniq_natasha
D:3:      lemuel_upstairs_altar, okawaru_trees_2, uniq_crazy_yiuf_cottage

Skill      XL: |  1  2  3  4  5 |
---------------+----------------+-----
Spellcasting   | 3 4 |  4.3
Necromancy     | 5 |  5.8
Dodging        | |  1.5
Stealth        | |  1.5

Action                   |  1- 3 |  4- 6 || total
-------------------------+-------+-------++-------
Melee: Whip              |    47 |     6 ||    53
       Unarmed           |     2 |       ||     2
 Cast: Pain              |    53 |    97 ||   150
  Use: Scroll            |       |     1 ||     1
 Stab: Sleeping          |     1 |     1 ||     2
Armor: Robe              |    15 |     4 ||    19
Dodge: Dodged            |    53 |    37 ||    90
